Zazza, neutral female human Monk ---- ----------- --.>-------- |.........| |.`........| |......b..| |..-----.-.| |.........| |.`|...|``.| |....<....| |......)..-| |.........| |.......|..| |.........| |.----..--%| |.........| |........|.-- |......eq.| |.---.-.....------------@| |...|...-................| |.........---------------- -----..|..| ------- Zazza the Initiate Experience level: 9 Strength: 18 Dexterity: 16 Constitution: 16 Intelligence: 8 Wisdom: 15 Charisma: 8 Health: 0(77) Energy: 60(60) Def: 3 Gold: 0 Moves: 11559 Dungeon seed: DsVtX4UmLK3SENXX Game ID: Zazza_1563111587 Your Inventory: Amulets p - an uncursed amulet of reflection (being worn) Weapons h - 3 +0 shuriken Armor e - an uncursed +2 pair of leather gloves (being worn) Comestibles i - an uncursed apple q - 2 uncursed food rations w - an uncursed egg O - 3 uncursed tripe rations Scrolls s - 2 uncursed scrolls of earth Potions l - a cursed potion of object detection Rings n - an uncursed ring of regeneration x - a cursed -1 ring of protection Wands f - a wand of magic missile (0:7) o - a cursed wand of polymorph (0:8) y - a wand of undead turning (0:4) Tools g - an uncursed tin whistle k - an uncursed skeleton key m - an uncursed mirror t - an uncursed towel u - a +0 unicorn horn z - a blessed bag of holding J - a cursed magic lamp Gems L - an uncursed amethyst stone Contents of the bag of holding: 3707 gold pieces a blessed +2 robe 4 uncursed food rations an uncursed ring of regeneration a magic marker (0:63) Spells and supernatural/magical abilities: Name Level Category Fail Memory h - healing 1 healing 11% 43% W - pray for help -- divine ? -- Your skills at the end: Fighting Skills martial arts [Master] Weapon Skills Spellcasting Skills healing spells [Basic] Final Attributes: You were piously aligned. You were cold resistant. You were sleep resistant. You were poison resistant. You saw invisible. You were telepathic. You were warned. You had automatic searching. You were stealthy. You were fast. You had reflection. You are dead. Vanquished creatures: 2 large mimics 4 small mimics 2 crocodiles 2 giant beetles 4 wolves a panther 18 leprechauns an iron piercer a scorpion 4 gnome kings a gold golem a werewolf a dingo a housecat a blue jelly a black unicorn a gnome mummy 3 snakes a human zombie a rope golem 3 quasits 2 wood nymphs 4 water nymphs a mountain nymph 4 Mordor orcs 7 Uruk-hai 3 rock piercers a rock mole 2 ponies 3 yellow lights a shrieker a violet fungus 8 gnome lords 4 gnomish wizards a kobold mummy 4 gray oozes an elf zombie a straw golem 2 giant ants 2 little dogs 5 floating eyes 8 dwarves a homunculus a kobold shaman 4 rothes a rabid rat a centipede a giant bat 4 monkeys 2 orc zombies 4 dwarf zombies a wererat 7 iguanas 13 killer bees 3 acid blobs a coyote 4 hobbits 5 manes 2 large kobolds 4 giant rats 9 cave spiders a brown mold 3 yellow molds 2 green molds 26 gnomes 2 gnome zombies 3 geckos 14 jackals 5 foxes a kobold 2 goblins 5 sewer rats 10 grid bugs 7 bats 6 lichens 2 kobold zombies 10 newts 286 creatures vanquished. Voluntary challenges: You had followed a strict vegan diet until turn 3327. You had followed a strict vegetarian diet until turn 9989. You used a wielded weapon 47 times, starting on turn 1674. You read items or engraved 19 times, starting on turn 14. You never genocided any monsters. You never polymorphed an object. You changed form 2 times, starting on turn 3914. You used no wishes. You never split a pudding. You never wrote Elbereth's name. You violated your moral code, losing 1 point of alignment, starting on turn 9989. Dungeon overview: The Dungeons of Doom: levels 1 to 9 Level 1 a long staircase Level 2 (gold) a scroll shop Level 3 (gold) a weapon shop stairs to The Gnomish Mines Level 4 a general store, some fountains Level 5 (gold) an altar to Chih Sung-tzu, a fountain Level 6 a general store, some fountains Level 7 (leprechauns) Level 8 many fountains Level 9 stairs to Sokoban The Gnomish Mines: levels 4 to 6 Level 4 stairs to The Dungeons of Doom Level 5 Level 6 some shops, a temple to Shan Lai Ching, some fountains, a sink Sokoban: levels 7 to 8 Level 7 <- You were here Level 8 stairs to The Dungeons of Doom History has recorded: On T:1 you entered the Dungeons of Doom to retrieve the Amulet of Yendor! On T:743 you reached level 2 of The Dungeons of Doom. On T:926 you advanced to experience level 2. On T:1027 you reached level 3 of The Dungeons of Doom. On T:1143 you advanced to experience level 3. On T:1436 you advanced to experience level 4. On T:2136 you reached level 1 of The Gnomish Mines. On T:2276 you advanced to experience level 5. On T:2668 you reached level 2 of The Gnomish Mines. On T:2769 you advanced to experience level 6. On T:2929 you reached level 3 of The Gnomish Mines. On T:3671 you advanced to experience level 7. On T:4614 you reached level 4 of The Dungeons of Doom. On T:4924 you reached level 5 of The Dungeons of Doom. On T:5321 you reached level 6 of The Dungeons of Doom. On T:5877 you reached level 7 of The Dungeons of Doom. On T:5896 you advanced to experience level 8. On T:7655 you reached level 8 of The Dungeons of Doom. On T:7866 you reached level 9 of The Dungeons of Doom. On T:9878 you advanced to experience level 9. On T:10540 you reached level 4 of Sokoban. On T:10851 you reached level 3 of Sokoban. Score breakdown: Gold: 3707 (12140 points) Experience: 9 levels (15756 points) Exploration: 9 levels ( 19.15%) (12510 points) Discoveries: 34 items ( 12.19%) (10472 points) Valuables value: (no points given unless you survive) Artifact value: 0 ( 0 points) Variety of kills: 77 monsters ( 20.21%) (13486 points) Turncount: 11559 turns (-2592 points) Survival: died (score multiplied by 80%) Total score: 49417 Latest messages: You succeed in unlocking the door. The door opens. The leocrotta hits! The leocrotta bites! The leocrotta hits! You hit it. The leocrotta hits! The leocrotta bites! The leocrotta hits! You hit it. The leocrotta hits! The leocrotta bites! The leocrotta hits! As you read the scroll, it disappears. You hear maniacal laughter close by. The leocrotta hits! The leocrotta bites! The leocrotta hits! You die... Final status: Goodbye Zazza the Monk, killed by a leocrotta... You died in Sokoban on dungeon level 7 with 49417 points, and 3707 pieces of gold, after 11559 moves. You were level 9 with a maximum of 77 hit points when you died.